 Dungeon Crawl Stone Soup version 0.20.1-1-g8b1a95d (webtiles) character file.

1578585 Jakon the Slayer (level 27, 197/197 HPs)
             Began as a Gargoyle Fighter on July 11, 2017.
             Was the Champion of Okawaru.
             Escaped with the Orb
             ... and 3 runes on July 19, 2017!
             The game lasted 09:32:05 (110105 turns).

Jakon the Slayer (Gargoyle Fighter)               Turns: 110105, Time: 09:32:06

Health: 197/197    AC: 69    Str: 23    XL:     27
Magic:  35/35      EV:  7    Int:  7    God:    Okawaru [******]
Gold:   2743       SH: 38    Dex: 26    Spells: 61/61 levels left

rFire    + + +     SeeInvis +   C - +9 demon whip (freeze)
rCold    + + .     Gourm    .   a - +10 large shield of Ignorance {rN+ Int-4}
rNeg     + + .     Faith    .   N - +15 gold dragon scales of Duck's Teeth {+Inv rPois rF+ rC+ Int-5 SInv Stlth+}
rPois    ∞         Spirit   .   h - +0 hat of the Wumpus {rF+}
rElec    +         Reflect  +   G - +0 cloak "Omesergh" {rC+ Regen+ Dex+7}
rCorr    +         Harm     .   y - +0 pair of gloves of Noughts and Crosses {Int+4 Dex+2}
MR       +++..     Rnd*Rage +   D - +4 pair of boots of the Scribe {rPois Int+3}
Stlth    ..........             p - +2 amulet of reflection
Regen    1.3/turn               o - ring of Jiacogg {rCorr MR+}
MPRegen  0.3/turn               k - ring of Irchututz {rF+ Str-2 Dex+4 SInv}

@: flying
A: big wings, iridescent scales 1, berserk 1, clumsy 1, deformed body, low mp 2,
negative energy resistance 1, regeneration 1, screaming 1, electricity
resistance, weak 1, unbreathing, petrification resistance, rot immunity, subdued
magic 1, MP-powered wands, AC +20
0: Orb of Zot
}: 3/15 runes: barnacled, silver, gossamer
a: Stop Flying, Heroism, Finesse, Renounce Religion, Evoke Invisibility


You escaped.
You worshipped Okawaru.
Okawaru was exalted by your worship.
You were not hungry.

You visited 13 branches of the dungeon, and saw 55 of its levels.
You visited the Abyss 1 time.
You visited 1 bazaar.
You also visited: Labyrinth, Trove and Wizlab.

You collected 8836 gold pieces.
You spent 6093 gold pieces at shops.

Inventory:

Hand Weapons
 l - the +9 hunting sling of Power {venom, rC+ Int+2, unknown}
   (Okawaru gifted it to you on level 5 of the Realm of Zot)

   It poisons the ammo it fires.
   It affects your intelligence (+2).
   It protects you from cold.
 C - a +9 demon whip of freezing (weapon)
Missiles
 K - 5 exploding tomahawks (quivered)
Armour
 a - the +10 large shield of Ignorance (worn) {rN+ Int-4}
   (You bought it in a shop in a bazaar)

   It affects your intelligence (-4).
   It protects you from negative energy.
 b - a +2 pair of gloves of strength
 h - the +0 hat of the Wumpus (worn) {rF+}
   (Okawaru gifted it to you on level 1 of the Realm of Zot)

   It protects you from fire.
 y - the +0 pair of gloves of Noughts and Crosses (worn) {Int+4 Dex+2}
   (Okawaru gifted it to you on level 5 of the Lair of Beasts)

   It affects your intelligence (+4).
   It affects your dexterity (+2).
 D - the +4 pair of boots of the Scribe (worn) {rPois Int+3}
   (Okawaru gifted it to you on level 1 of the Depths)

   It affects your intelligence (+3).
   It protects you from poison.
 G - the +0 cloak "Omesergh" (worn) {rC+ Regen+ Dex+7}
   (Okawaru gifted it to you on level 2 of the Vaults)

   It affects your dexterity (+7).
   It protects you from cold.
   It increases your rate of regeneration.
 M - a +0 helmet of intelligence
 N - the +15 gold dragon scales of Duck's Teeth (worn) {+Inv rPois rF+ rC+ Int-5 SInv Stlth+}
   (You found it in a treasure trove)

   It affects your intelligence (-5).
   It protects you from fire.
   It protects you from cold.
   It protects you from poison.
   It lets you see invisible.
   It lets you turn invisible.
   It makes you more stealthy.
 O - a +1 helmet of intelligence
 U - the +3 robe of Clouds {+Fly rElec}
   (You found it on level 3 of the Realm of Zot)

   It insulates you from electricity.
   It lets you fly.
 Z - the +1 robe "Nejowom" {rC+ rCorr Dex+7}
   (You found it on level 5 of the Realm of Zot)

   It affects your dexterity (+7).
   It protects you from cold.
   It protects you from acid and corrosion.
Magical Staves
 W - an uncursed staff of air
Jewellery
 k - the ring of Irchututz (right hand) {rF+ Str-2 Dex+4 SInv}
   (You bought it in a shop on level 1 of the Depths)

   [ring of see invisible]

   It affects your strength (-2).
   It affects your dexterity (+4).
   It protects you from fire.
   It lets you see invisible.
 o - the ring of Jiacogg (left hand) {rCorr MR+}
   (You took it off a deep elf demonologist on level 3 of the Elven Halls)

   [ring of resist corrosion]

   It affects your resistance to hostile enchantments.
 p - a +2 amulet of reflection (around neck)
 V - a cursed -3 ring of intelligence
Wands
 g - a wand of digging (7/24)
 s - a wand of lightning (6/15)
 u - a wand of disintegration (11/24)
 H - a wand of iceblast (0/15)
 P - a wand of acid (11/15)
Scrolls
 c - a scroll of brand weapon
 d - 2 scrolls of enchant armour
 e - 6 scrolls of fear
 i - 9 scrolls of remove curse
 j - 8 scrolls of identify
 m - 8 scrolls of teleportation
 n - 11 scrolls of blinking
 r - 4 scrolls of summoning
 x - 7 scrolls of fog
 A - a scroll of recharging
 F - a scroll of holy word
 Q - a scroll of enchant weapon
 T - a scroll of silence
Potions
 q - 4 potions of cancellation
 t - 7 potions of haste
 v - 9 potions of heal wounds
 w - 4 potions of agility
 z - a potion of resistance
 E - 4 potions of berserk rage
 I - 5 potions of might
 J - 15 potions of curing
 S - 2 potions of invisibility
Comestibles
 f - 21 bread rations
 B - 2 chunks of flesh
 L - 35 fruits


   Skills:
 + Level 26.9 Fighting
 + Level 24.9 Maces & Flails
 + Level 26.9 Armour
 + Level 24.0 Shields
 - Level 17.8 Spellcasting
 - Level 20.6 Invocations


You had 61 spell levels left.
You didn't know any spells.

Dungeon Overview and Level Annotations

Branches:
Dungeon (15/15)            Temple (1/1) D:5            Lair (6/6) D:9
 Shoals (4/4) Lair:3       Spider (4/4) Lair:4        Slime (0/5) Lair:6
    Orc (2/2) D:11            Elf (3/3) Orc:2        Vaults (5/5) D:14
  Crypt (3/3) Vaults:2       Tomb (1/3) Crypt:3      Depths (5/5) D:15
   Hell (1/1)                 Dis (0/7) Hell            Geh (0/7) Hell
    Coc (0/7) Hell            Tar (0/7) Hell            Zot (5/5) Depths:5

Altars:
Ashenzari
Cheibriados
Dithmenos
Elyvilon
Fedhas
Gozag
Hepliaklqana
Kikubaaqudgha
Makhleb
Nemelex Xobeh
Okawaru
Qazlal
Ru
Sif Muna
Trog
Uskayaw
Vehumet
Xom
Yredelemnul
Zin
The Shining One
Beogh

Shops:
Orc:2 ([%*((   Elf:1 *   Shoals:4 *   Vaults:2 (   Vaults:4 %   Depths:1 *}==
Depths:5 }[:

Portals:
Hell: Depths:1 Depths:2 Depths:3 Depths:4 Depths:5
Abyss: Depths:2 Depths:4
Pandemonium: Depths:1 Depths:3 Depths:4
Ziggurat: Depths:4


Innate Abilities, Weirdness & Mutations

You are resistant to torment.
Your stone body is resilient. (AC +20)
You are immune to poison.
Your large and strong wings let you fly indefinitely.
You resist negative energy. (rN+)
You are resistant to electric shocks. (rElec)
You can survive without breathing.
You are immune to petrification.
You are immune to rotting.
You are partially covered in iridescent scales. (AC +2)
You tend to lose your temper in combat.
You are clumsy. (Dex -2)
Armour fits poorly on your strangely shaped body.
Your magical capacity is very low. (-20% MP)
Your natural rate of healing is unusually fast.
You occasionally shout uncontrollably at your foes.
You are weak. (Str -2)
Your spells are a little easier to cast, but a little less powerful.
You expend magic power (3 MP) to strengthen your wands.


Message History

An Orb Guardian comes into view.
There is an open door here.
You closely miss the Orb Guardian. You block the Orb Guardian's attack.
You closely miss the Orb Guardian. You block the Orb Guardian's attack.
You whack the Orb Guardian! You freeze the Orb Guardian.
The Orb Guardian is lightly wounded.
You block the Orb Guardian's attack.
You thrash the Orb Guardian!! You freeze the Orb Guardian.
The Orb Guardian is heavily wounded.
You miss the Orb Guardian.
The Orb Guardian is heavily wounded.
The Orb Guardian hits you but does no damage.
You whack the Orb Guardian! You freeze the Orb Guardian.
The Orb Guardian is heavily wounded.
You block the Orb Guardian's attack.
You thrash the Orb Guardian!! You freeze the Orb Guardian!
You kill the Orb Guardian!
Okawaru accepts your kill.
There is a staircase leading out of the dungeon here.
You have escaped!

.##.........#####.# #.
.###.#.#.#.#.((..(# #. .#
#.#.##...#####.# #.
.###........#####.###########
##
.)..............(...........#
#
...##.####..####.##########.#
# #########################
#.# #
........................###.#
#
..####..#######.@.#####.#...#
# ..####..####
#...+####.#...# #
..#'##..##'####.........#...#
#
.........(........##'##.#...#
#
..#'###...........#####.#...#
# ..### #...........# #.#...#
..# #....+####..# #.#...#
..#####....#####..#####.#.###
........................#.#


There were no monsters in sight!

Vanquished Creatures
  9 ancient liches
  Mennas (Crypt:2)
  8 orbs of fire
  4 juggernauts
  3 pandemonium lords
  Margery (Depths:1)
  Bai Suzhen (Vaults:5)
  3 curse toes
  2 Killer Klowns
  4 caustic shrikes
  Geryon (Hell)
  16 golden dragons
  Jory (Vaults:2)
  2 bone dragons
  A hellephant (Hell)
  2 Brimstone Fiends
  8 electric golems
  8 liches
  An Ice Fiend (Depths:5)
  15 tentacled monstrosities
  12 titans
  A Hell Sentinel (Abyss:3)
  26 Orb Guardians
  A deep elf master archer (Elf:3)
  An Executioner (Abyss:3)
  A deep elf blademaster (Elf:3)
  7 quicksilver dragons
  10 sphinxes
  Gastronok (Lair:1)
  An eldritch tentacle (WizLab)
  22 death cobs
  8 ancient champions
  8 tentacled starspawn
  Roxanne (Shoals:1)
  13 shadow dragons
  6 revenants
  8 tengu reavers
  35 storm dragons
  8 draconian monks
  Kirke (Lair:6)
  14 fire giants
  Ilsuiw (Shoals:4)
  A daeva (Abyss:3)
  2 iron dragons
  11 deep elf sorcerers
  19 vault wardens
  10 emperor scorpions
  5 draconian knights
  4 ghost moths
  10 frost giants
  A caustic shrike zombie (Depths:2)
  6 draconian stormcallers
  2 orc warlords
  A cacodemon (D:6)
  Louise (Depths:4)
  11 ghouls
  8 draconian scorchers
  9 draconian shifters
  5 deep elf elementalists
  4 reapers (Hell)
  2 curse skulls
  8 draconian annihilators
  12 ironheart preservers
  17 very ugly things
  2 spriggan defenders (Depths:3)
  5 war gargoyles
  A juggernaut skeleton (Crypt:2)
  26 stone giants
  14 green draconians
  13 vampire knights
  6 entropy weavers
  5 deep elf demonologists
  A dire elephant (Zot:4)
  9 black draconians
  11 red draconians
  9 white draconians
  11 deep elf annihilators
  9 yellow draconians
  2 lorocyprocas
  15 purple draconians
  11 spark wasps
  A fire dragon (shapeshifter) (Depths:2)
  24 jiangshi
  3 merfolk javelineers (Shoals:4)
  3 eidola (Crypt:3)
  22 fire dragons
  Josephine (Lair:5)
  8 deep elf death magi
  2 mummy priests (Crypt:1)
  22 ettins
  A minotaur (Lab)
  10 merfolk impalers
  17 yaktaur captains
  2 blizzard demons
  17 ogre magi
  11 deep elf high priests
  Fannar (Lair:1)
  6 great orbs of eyes
  A kraken zombie (Hell)
  27 vault guards
  12 rakshasas
  6 hydras
  15 ice dragons
  A quicksilver dragon skeleton (Crypt:1)
  3 catoblepae (Lair:6)
  3 spriggan air magi
  13 centaur warriors
  2 hell beasts
  An anaconda (shapeshifter) (Vaults:1)
  5 merfolk avatars
  2 death knights
  A satyr (Abyss:3)
  A queen ant (Spider:2)
  51 two-headed ogres
  27 dancing weapons
  7 spriggan berserkers
  3 merfolk aquamancers (Shoals:4)
  11 death yaks
  An alligator snapping turtle (Shoals:4)
  15 deep troll shamans
  4 hell hogs
  8 death scarabs (Spider:4)
  14 deep troll earth magi
  A titan zombie (Depths:2)
  18 vampire magi
  An orc high priest (Orc:2)
  12 tengu warriors
  8 thrashing horrors
  12 hell knights
  14 deep elf knights
  11 soul eaters
  5 sun demons
  A fire crab (shapeshifter) (Elf:3)
  5 shadow wraiths
  8 wretched stars (Abyss:3)
  A fire crab (Lair:6)
  2 sixfirhies
  2 iron golems (Hell)
  3 iron trolls
  The ghost of koorschki the Covered, a novice DsFi of Okawaru (D:8)
  10 sea snakes
  2 unseen horrors (shapeshifter)
  36 skeletal warriors
  A storm dragon skeleton (Depths:2)
  2 spatial maelstroms (Abyss:3)
  10 glowing orange brains
  A death drake (shapeshifter) (Depths:3)
  A spark wasp zombie (Depths:2)
  A deep troll (shapeshifter) (Vaults:4)
  3 unseen horrors
  13 ironbrand convokers
  12 phantasmal warriors
  8 flayed ghosts
  A swamp dragon (shapeshifter) (Vaults:5)
  An anaconda skeleton (WizLab)
  12 deep elf archers
  15 wizards
  43 deep trolls
  An orange crystal statue (Depths:4)
  26 large abominations
  5 spectral wolf spiders (Spider:4)
  A sphinx zombie (Depths:1)
  2 lindwurms
  An obsidian statue (WizLab)
  9 necromancers
  24 orc knights
  A harpy (shapeshifter) (Abyss:3)
  11 harpies
  A wolf spider zombie (Spider:4)
  A mana viper (WizLab)
  2 iron dragon zombies
  A shadow dragon zombie (Abyss:3)
  15 manticores
  7 orc sorcerers
  11 orb spiders
  A stone giant zombie (Depths:1)
  30 ugly things
  A frost giant zombie (Depths:2)
  A faun (shapeshifter) (Depths:1)
  59 deep elf magi
  A fire giant zombie (Vaults:5)
  2 wolf spiders (shapeshifter)
  44 wolf spiders
  17 cyclopes
  9 elephants
  36 moths of wrath
  11 rust devils
  7 fauns
  8 worldbinders
  An elephant (shapeshifter) (D:14)
  2 frost giant skeletons
  A toenail golem (Zot:2)
  A salamander (shapeshifter) (Depths:3)
  A shock serpent zombie (Crypt:1)
  An eye of devastation (Abyss:3)
  A fire giant skeleton (Depths:2)
  5 black mambas
  A dire elephant zombie (Crypt:1)
  3 torpor snails
  A torpor snail (shapeshifter) (Depths:3)
  12 smoke demons
  18 vault sentinels
  A guardian serpent (WizLab)
  A guardian serpent (shapeshifter) (Vaults:4)
  3 orange demons
  15 merfolk sirens
  A death yak zombie (Crypt:1)
  3 molten gargoyles
  2 emperor scorpion zombies (Crypt:3)
  14 spiny frogs
  3 rime drakes
  9 water nymphs
  A gargoyle (D:14)
  2 pale draconian zombies
  7 komodo dragons
  A spiny frog (shapeshifter) (D:14)
  2 hellions
  A shock serpent skeleton (Crypt:2)
  2 kobold demonologists (D:12)
  An efreet (Abyss:3)
  A yaktaur zombie (Vaults:5)
  A dire elephant skeleton (Crypt:1)
  10 freezing wraiths
  62 yaktaurs
  2 spectral redbacks (Spider:4)
  An anaconda simulacrum (Hell)
  4 guardian mummies (Crypt:3)
  6 tengu conjurers
  A minotaur zombie (Crypt:2)
  5 hellwings
  21 demonic crawlers
  A red draconian zombie (Crypt:3)
  A komodo dragon (shapeshifter) (Elf:1)
  2 redback zombies
  5 ice devils
  A harpy zombie (Abyss:3)
  A green draconian skeleton (Crypt:1)
  4 ancient zymes (Abyss:3)
  5 spectral jumping spiders (Spider:4)
  A tormentor (D:15)
  9 hornets
  2 hydra zombies
  A silent spectre (Abyss:3)
  6 trolls
  39 jumping spiders
  A polar bear (shapeshifter) (Elf:3)
  26 merfolk
  6 meliai
  3 queen bees (shapeshifter)
  2 queen bees
  6 red devils
  6 spectral tarantellas (Spider:4)
  4 wind drakes
  3 polar bears
  A red draconian skeleton (Crypt:1)
  A troll (shapeshifter) (Vaults:2)
  A hornet (shapeshifter) (Depths:3)
  30 hippogriffs
  A harpy skeleton (D:15)
  2 fire dragon zombies
  5 bog bodies
  24 slime creatures
  Prince Ribbit (D:5)
  6 dream sheep (Shoals:4)
  A snapping turtle (shapeshifter) (Depths:3)
  An ettin zombie (Crypt:3)
  10 snapping turtles
  2 alligator zombies
  A deep troll skeleton (WizLab)
  11 blink frogs
  14 flying skulls
  13 raiju (Abyss:3)
  84 redbacks
  A meliai zombie (D:15)
  4 air elementals
  A guardian serpent zombie (Crypt:3)
  54 tarantellas
  14 starcursed masses
  A fire dragon skeleton (Crypt:2)
  A redback (shapeshifter) (Elf:3)
  20 water elementals
  9 fire elementals
  2 shadows
  A spriggan skeleton (Depths:1)
  11 wraiths
  6 vampires
  8 wyverns
  An ice dragon skeleton (Crypt:2)
  63 yaks
  3 hungry ghosts
  11 basilisks
  5 ynoxinuls
  An elf skeleton (WizLab)
  16 small abominations
  A human (shapeshifter) (Abyss:3)
  A catoblepas simulacrum (Crypt:3)
  A fire bat (Abyss:3)
  14 humans
  3 neqoxecs (Abyss:3)
  2 steam dragons
  2 chaos spawn (Abyss:3)
  7 hogs
  16 wargs
  A human simulacrum (Vaults:2)
  4 spatial vortices (WizLab)
  6 soldier ants
  An insubstantial wisp (WizLab)
  A warg (shapeshifter) (Vaults:5)
  3 acid dragons
  16 water moccasins
  The ghost of BakaWarrior999 the Magician, an amateur DEIE (D:3)
  A floating eye (Depths:3)
  A porcupine (shapeshifter) (Vaults:5)
  10 porcupines
  A hell hound (Hell)
  3 spectral hornets (Spider:4)
  A merfolk skeleton (Crypt:3)
  A monstrous demonspawn skeleton (Crypt:3)
  A swamp drake (shapeshifter) (Vaults:2)
  3 spiny frog skeletons (Hell)
  A floating eye (shapeshifter) (Vaults:1)
  3 ice beasts
  74 orc warriors
  4 sky beasts
  2 black bears
  3 hornet zombies
  A black bear (shapeshifter) (Vaults:3)
  2 boggarts
  An elephant zombie (Crypt:3)
  3 eyes of draining
  5 necrophages
  16 wolves
  2 wolves (shapeshifter)
  2 alligator simulacra (Hell)
  A phantom (D:4)
  48 ogres
  21 crocodiles
  A snapping turtle skeleton (Abyss:3)
  24 centaurs
  5 elf zombies
  4 big kobolds
  20 bullfrogs
  An ogre simulacrum (Vaults:1)
  A wyvern zombie (D:14)
  2 earth elementals
  44 scorpions
  A polar bear zombie (Crypt:1)
  43 killer bees
  A warg skeleton (Crypt:2)
  A howler monkey (D:9)
  A polar bear skeleton (Crypt:3)
  20 wights
  An electric eel (Lair:3)
  3 centaur zombies
  A howler monkey (shapeshifter) (D:14)
  5 lava snakes (Lair:4)
  13 crimson imps
  9 quasits
  28 orc priests
  2 bullfrog zombies
  5 hounds
  6 centaur skeletons
  4 iron imps
  7 jellies
  25 orc wizards
  A gnoll shaman (D:8)
  A bullfrog skeleton (Crypt:3)
  17 worker ants
  3 iguanas
  2 river rats (Lair:3)
  A hound skeleton (D:7)
  A mummy (Tomb:1)
  Robin (D:3)
  13 gnolls
  14 adders
  3 shadow imps
  4 white imps
  5 ufetubi (Abyss:3)
  6 oozes
  An adder skeleton (D:9)
  2 adder zombies
  8 worms
  3 dart slugs (D:2)
  3 leopard geckos
  130 orcs
  9 giant cockroaches
  17 goblins
  13 hobgoblins
  15 jackals
  4 quokkas
  3 ball pythons
  A ball python skeleton (Crypt:2)
  A ball python zombie (Crypt:2)
  15 bats
  3 frilled lizards
  15 kobolds
  A leopard gecko skeleton (D:5)
  A leopard gecko zombie (D:7)
  An orc zombie (Crypt:1)
  A quokka skeleton (D:5)
  A quokka zombie (Crypt:1)
  8 rats
  2 fungi (Lair:1)
  6 plants
  2 starspawn tentacles (Abyss:3)
  A tentacle (Hell)
3300 creatures vanquished.

Vanquished Creatures (collateral kills)
  2 killer bees (Lair:3)
2 creatures vanquished.

Vanquished Creatures (others)
  2 liches
  A fire giant (Depths:4)
  A war gargoyle (Hell)
  3 stone giants
  3 merfolk javelineers
  4 yaktaur captains
  6 centaur warriors
  An ogre mage (Abyss:3)
  A deep elf knight (Elf:1)
  A skeletal warrior (Crypt:1)
  A glowing orange brain (Abyss:3)
  An unseen horror (Abyss:3)
  An unseen horror (shapeshifter) (Depths:1)
  2 fauns (Shoals:2)
  2 cyclopes
  22 yaktaurs
  A tengu conjurer (Depths:1)
  A blink frog (WizLab)
  A snapping turtle (Shoals:4)
  A yak (Lair:6)
  2 humans (Lair:6)
  3 spatial vortices (Abyss:3)
  A black mamba simulacrum (Abyss:3)
  A small abomination (Abyss:3)
  2 centaurs
  A crocodile (Lair:6)
  2 killer bees (Lair:3)
  A river rat (shapeshifter) (Abyss:3)
  An orc (Vaults:1)
  A kobold (D:12)
  2 bushes (Lair:3)
  26 fungi
  A lurking horror (WizLab)
  79 plants
  30 starspawn tentacles
  5 tentacles (Hell)
214 creatures vanquished.

Grand Total: 3516 creatures vanquished

Notes
Turn   | Place    | Note
-------+----------+-------------------------------------------
     0 | D:1      | Jakon the Gargoyle Fighter began the quest for the Orb.
     0 | D:1      | Reached XP level 1. HP: 14/14 MP: 1/1
   211 | D:1      | Reached XP level 2. HP: 18/19 MP: 2/2
   609 | D:1      | Reached XP level 3. HP: 23/23 MP: 3/3
   827 | D:2      | Found a sacrificial altar of Ru.
  1054 | D:2      | Reached XP level 4. HP: 26/29 MP: 4/4
  1324 | D:2      | Found a hazy altar of Hepliaklqana.
  1493 | D:3      | Noticed Robin
  1643 | D:3      | Killed Robin
  1643 | D:3      | Reached XP level 5. HP: 29/33 MP: 5/5
  2011 | D:3      | Noticed an eye of draining
  2035 | D:3      | Killed an eye of draining
  2035 | D:3      | Reached XP level 6. HP: 39/39 MP: 0/6
  2039 | D:3      | Noticed an eye of draining
  2061 | D:3      | Killed an eye of draining
  2069 | D:3      | Found a bloodstained altar of Trog.
  2522 | D:3      | Reached skill level 5 in Fighting
  2665 | D:3      | Noticed BakaWarrior999's ghost (amateur DEIE)
  2718 | D:2      | Reached skill level 5 in Armour
  2957 | D:3      | Found a glowing golden altar of the Shining One.
  3029 | D:3      | Killed BakaWarrior999's ghost
  3029 | D:3      | Reached skill level 5 in Shields
  3029 | D:3      | Reached XP level 7. HP: 21/44 MP: 7/7
  3597 | D:4      | Found a stormy altar of Qazlal.
  3597 | D:4      | Found a radiant altar of Vehumet.
  3598 | D:4      | Found an opulent altar of Gozag.
  3602 | D:4      | Found an iron altar of Okawaru.
  3696 | D:4      | Became a worshipper of Warmaster Okawaru
  4387 | D:5      | Entered Level 5 of the Dungeon
  4451 | D:5      | Reached XP level 8. HP: 49/51 MP: 8/8
  4467 | D:5      | Found a staircase to the Ecumenical Temple.
  4490 | Temple   | Entered the Ecumenical Temple
  4867 | D:5      | Reached skill level 1 in Invocations
  4878 | D:5      | Found a shadowy altar of Dithmenos.
  5130 | D:5      | Reached skill level 5 in Maces & Flails
  5217 | D:5      | Noticed Prince Ribbit
  5912 | D:5      | Found a shadowy altar of Dithmenos.
  5974 | D:5      | Found a staircase to the Ecumenical Temple.
  6814 | D:5      | Found a shadowy altar of Dithmenos.
  6891 | D:5      | Found a staircase to the Ecumenical Temple.
  7182 | D:5      | Killed Prince Ribbit
  7450 | D:6      | Reached * piety under Okawaru
  7620 | D:6      | Reached XP level 9. HP: 53/56 MP: 11/11
  8559 | D:6      | Found a white marble altar of Elyvilon.
  9221 | D:7      | Reached ** piety under Okawaru
 10213 | D:8      | Noticed a two-headed ogre
 10336 | D:8      | Killed a two-headed ogre
 10336 | D:8      | Reached skill level 5 in Invocations
 10336 | D:8      | Reached XP level 10. HP: 45/64 MP: 13/13
 10527 | D:8      | Reached *** piety under Okawaru
 10853 | D:8      | Noticed koorschki's ghost (novice DsFi)
 10915 | D:8      | Killed koorschki's ghost
 10917 | D:8      | Found a hide-covered altar of Uskayaw.
 11481 | D:8      | Reached **** piety under Okawaru
 11792 | D:9      | Received a gift from Okawaru
 11878 | D:9      | Found a burning altar of Makhleb.
 11926 | D:9      | Found a staircase to the Lair.
 11975 | D:10     | Entered Level 10 of the Dungeon
 12448 | D:10     | Reached XP level 11. HP: 69/69 MP: 16/16
 12566 | D:10     | Killed an unseen horror
 12566 | D:10     | Reached ***** piety under Okawaru
 12821 | D:10     | Received a gift from Okawaru
 12829 | D:10     | Got a warped ring mail {god gift}
 12841 | D:10     | Identified the +0 ring mail of Okawaru {Dex+4} (Okawaru gifted it to you on level 10 of the Dungeon)
 13359 | Lair:1   | Entered Level 1 of the Lair of Beasts
 13367 | Lair:1   | Noticed Gastronok
 13387 | Lair:1   | Killed Gastronok
 13592 | Lair:1   | Reached skill level 10 in Shields
 13595 | Lair:1   | Found a labyrinth entrance.
 13619 | Lab      | Entered a labyrinth
 13961 | Lab      | Noticed a minotaur
 13986 | Lab      | Killed a minotaur
 13986 | Lab      | Reached skill level 10 in Armour
 14010 | Lab      | Got a slimy crystal amulet
 14382 | Lair:1   | Noticed a four-headed hydra
 14397 | Lair:1   | Killed a four-headed hydra
 14397 | Lair:1   | Reached skill level 10 in Fighting
 14397 | Lair:1   | Reached XP level 12. HP: 77/77 MP: 18/18
 14480 | Lair:1   | Noticed a five-headed hydra
 14495 | Lair:1   | Killed a five-headed hydra
 14773 | Lair:1   | Identified the amulet of the Queen {Gourm rElec Int+2} (You found it in a labyrinth)
 15120 | Lair:2   | Received a gift from Okawaru
 15304 | Lair:2   | Noticed Fannar
 15352 | Lair:1   | Killed Fannar
 15507 | Lair:2   | Found a basalt altar of Yredelemnul.
 16056 | Lair:2   | You fall through a shaft for 2 floors!
 16981 | Lair:3   | Reached skill level 10 in Maces & Flails
 17024 | Lair:3   | Found a staircase to the Shoals.
 17508 | Lair:3   | Reached XP level 13. HP: 84/84 MP: 20/20
 18337 | Lair:2   | Reached skill level 10 in Invocations
 18568 | Lair:4   | Found a hole to the Spider Nest.
 18625 | Lair:4   | Received a gift from Okawaru
 18929 | Lair:4   | Reached ****** piety under Okawaru
 20443 | Lair:5   | Found a burning altar of Makhleb.
 20492 | Lair:5   | Noticed Josephine
 20501 | Lair:5   | Killed Josephine
 20501 | Lair:5   | Received a gift from Okawaru
 20542 | Lair:5   | Got a pair of steaming gloves {god gift}
 20554 | Lair:5   | Identified the +0 pair of gloves of Noughts and Crosses {Int+4 Dex+2} (Okawaru gifted it to you on level 5 of the Lair of Beasts)
 21287 | Lair:5   | Got a brightly glowing chain mail
 21299 | Lair:5   | Identified the +4 chain mail of Imperfection {Str+4 Int-2 Dex+4 Stlth+} (You found it on level 5 of the Lair of Beasts)
 21721 | Lair:6   | Entered Level 6 of the Lair of Beasts
 21767 | Lair:6   | Gained mutation: Your large and strong wings let you fly indefinitely. [Gargoyle growth]
 21767 | Lair:6   | Reached XP level 14. HP: 84/92 MP: 22/22
 22599 | Lair:6   | Noticed Kirke
 22638 | Lair:6   | Killed Kirke
 22638 | Lair:6   | Received a gift from Okawaru
 23097 | Lair:6   | Received a gift from Okawaru
 23561 | Lair:6   | Found a staircase to the Slime Pits.
 24717 | D:11     | Found a flickering gateway to a bazaar.
 24900 | D:11     | Reached XP level 15. HP: 98/98 MP: 24/24
 24971 | D:11     | Found a staircase to the Orcish Mines.
 25687 | Bazaar   | Entered a bazaar
 25687 | Bazaar   | Found Reemeic's Armour Boutique.
 25688 | Bazaar   | Found Zurept's Food Shop.
 25718 | Bazaar   | Found Xolezoett's Distillery.
 25727 | Bazaar   | Found Monosuci's Jewellery Boutique.
 25734 | Bazaar   | Found Tant's Magic Scroll Boutique.
 25832 | Bazaar   | Bought the +10 large shield of Ignorance {rN+ Int-4} for 515 gold pieces
 25901 | Bazaar   | Bought a potion of heal wounds for 85 gold pieces
 25901 | Bazaar   | Bought a potion of resistance for 170 gold pieces
 25901 | Bazaar   | Bought a potion of heal wounds for 85 gold pieces
 25901 | Bazaar   | Bought a potion of heal wounds for 85 gold pieces
 25928 | Bazaar   | Bought a scroll of identify for 30 gold pieces
 25928 | Bazaar   | Bought a scroll of blinking for 112 gold pieces
 25928 | Bazaar   | Bought a scroll of enchant armour for 112 gold pieces
 25928 | Bazaar   | Bought a scroll of summoning for 142 gold pieces
 25928 | Bazaar   | Bought a scroll of identify for 30 gold pieces
 25996 | Orc:1    | Entered Level 1 of the Orcish Mines
 26450 | Orc:1    | Noticed an orc warlord
 26547 | D:11     | Killed an orc warlord
 27010 | Orc:2    | Entered Level 2 of the Orcish Mines
 27503 | Orc:2    | Found a staircase to the Elven Halls.
 27535 | Orc:2    | Found Alleruk's Antique Weapon Shoppe.
 27598 | Orc:2    | Found Seck's Antique Weapon Shop.
 27661 | Orc:2    | Found a roughly hewn altar of Beogh.
 27731 | Orc:2    | Noticed an orc warlord
 27771 | Orc:2    | Killed an orc warlord
 27847 | Orc:2    | Received a gift from Okawaru
 27867 | Orc:2    | Found Hekhlaf's Food Shop.
 27884 | Orc:2    | Found Lupeanepa's General Store.
 28135 | Orc:2    | Found Etzoul's Antique Weapon Shop.
 28135 | Orc:2    | Found Bosmatan's Armour Shoppe.
 28565 | Orc:2    | Found a roughly hewn altar of Beogh.
 28573 | Orc:2    | Found Seck's Antique Weapon Shop.
 28573 | Orc:2    | Found Alleruk's Antique Weapon Shoppe.
 28620 | Orc:2    | Found Lupeanepa's General Store.
 28627 | Orc:2    | Found Hekhlaf's Food Shop.
 28782 | Orc:2    | Found a staircase to the Elven Halls.
 28881 | Orc:2    | Found Etzoul's Antique Weapon Shop.
 28881 | Orc:2    | Found Bosmatan's Armour Shoppe.
 29425 | Orc:2    | Bought a potion of experience for 750 gold pieces
 29441 | Orc:2    | Reached XP level 16. HP: 105/105 MP: 25/25
 31862 | D:14     | Found an opulent altar of Gozag.
 32078 | D:14     | Found a gate to the Vaults.
 32332 | D:14     | Identified a scroll of acquirement
 32400 | D:14     | Reached XP level 17. HP: 111/111 MP: 27/27
 32548 | D:15     | Entered Level 15 of the Dungeon
 32733 | D:15     | Received a gift from Okawaru
 33290 | D:15     | Found a staircase to the Depths.
 33315 | D:15     | Got a faintly glowing plate armour
 33327 | D:15     | Identified the +2 plate armour of Card Tricks {Str+3} (You found it on level 15 of the Dungeon)
 33468 | D:15     | Received a gift from Okawaru
 34087 | Depths:1 | Entered Level 1 of the Depths
 34713 | Spider:1 | Entered Level 1 of the Spider Nest
 35516 | Orc:2    | Bought a potion of curing for 45 gold pieces
 35683 | Orc:2    | Bought a pitted mace for 224 gold pieces
 35686 | Orc:2    | Identified the cursed +1 mace of Sharkskin {chaos, +Blink Int+2 Dex-3} (You bought it in a shop on level 2 of the Orcish Mines)
 35765 | Elf:1    | Entered Level 1 of the Elven Halls
 36144 | Elf:1    | Found Quemoum's General Store.
 36159 | Elf:1    | Bought a scroll of teleportation for 48 gold pieces
 36276 | Elf:1    | Identified the Disquisition on Evil
 36369 | Elf:1    | Reached skill level 15 in Armour
 36846 | Elf:2    | Noticed an Executioner
 36854 | Elf:1    | Reached skill level 15 in Shields
 36900 | Elf:2    | Reached skill level 15 in Fighting
 36956 | Elf:2    | Received a gift from Okawaru
 37087 | Elf:2    | Identified the Grimoire of Axaxaxas mlö
 37103 | Elf:2    | Identified Ts'ui Pên's Volume of Forking Paths
 37141 | Elf:2    | Identified the Tome of Dhcmrlchtdj
 37293 | Elf:2    | Found a runed gate.
 37293 | Elf:2    | Found a runed gate.
 37294 | Elf:2    | Found a runed gate.
 37348 | Elf:2    | Found a deep blue altar of Sif Muna.
 37357 | Elf:2    | Reached XP level 18. HP: 104/119 MP: 28/28
 39075 | Elf:3    | Entered Level 3 of the Elven Halls
 39102 | Elf:3    | Received a gift from Okawaru
 39125 | Elf:3    | Got an encrusted spear {god gift}
 39126 | Elf:3    | Identified the +7 spear "Gaupaq" {pain, Dex+2} (Okawaru gifted it to you on level 3 of the Elven Halls)
 39214 | Elf:3    | Reached skill level 15 in Invocations
 39660 | Elf:3    | Found a magical portal.
 39671 | WizLab   | Entered The Roulette of Golubria
 39671 | WizLab   | Found a transporter.
 39684 | WizLab   | Found a corrupted altar of Lugonu.
 39726 | WizLab   | Found a transporter.
 39726 | WizLab   | Found a transporter.
 39937 | WizLab   | Found a transporter.
 40010 | WizLab   | Found a corrupted altar of Lugonu.
 40013 | WizLab   | Found a transporter.
 40052 | WizLab   | Found a transporter.
 40098 | WizLab   | Found a transporter.
 40120 | WizLab   | Found a transporter.
 40149 | WizLab   | Found a transporter.
 40194 | WizLab   | Found a transporter.
 40420 | WizLab   | Found a transporter.
 40420 | WizLab   | Found a transporter.
 40489 | WizLab   | Got a slimy cloak
 40491 | WizLab   | Got a slimy cloak
 40526 | WizLab   | Identified the cursed -4 cloak "Mibb" {rF+} (You found it in a wizard's laboratory)
 40538 | WizLab   | Identified the cursed +0 cloak of Insecurity {rF- rCorr Int+8 Stlth-} (You found it in a wizard's laboratory)
 40590 | WizLab   | Found a transporter.
 40590 | WizLab   | Found a transporter.
 40773 | WizLab   | Got a bloodstained cloak
 40779 | WizLab   | Found a transporter.
 40779 | WizLab   | Found a transporter.
 40893 | WizLab   | Found a transporter.
 41212 | WizLab   | Found a transporter.
 41212 | WizLab   | Found a transporter.
 41249 | WizLab   | Received a gift from Okawaru
 41453 | WizLab   | Identified Golubria's Tome of Displacement
 41488 | WizLab   | Identified the -3 cloak of Umyedib {+Inv Str+3 Int+5} (You found it in a wizard's laboratory)
 41504 | WizLab   | Got a jewelled cloak
 41516 | WizLab   | Identified the +2 cloak of the Lair of Beasts {rC+ Slay+2} (You found it in a wizard's laboratory)
 41575 | WizLab   | Found a transporter.
 42347 | Elf:3    | Got a brightly glowing golden amulet
 42869 | Elf:3    | Got a slimy granite ring
 42938 | Elf:3    | Reached XP level 19. HP: 125/125 MP: 30/30
 43319 | Elf:3    | Got a faintly humming shield
 43332 | Elf:3    | Identified the cursed -10 shield of Honour {*Corrode Str+3 Slay+3} (You took it off a deep elf demonologist on level 3 of the Elven Halls)
 43345 | Elf:3    | Identified the amulet "Zoshug" {RegenMP +Blink rC- rN+ Int+4} (You took it off a deep elf sorcerer on level 3 of the Elven Halls)
 43347 | Elf:3    | Identified the ring of Jiacogg {rCorr MR+} (You took it off a deep elf demonologist on level 3 of the Elven Halls)
 43562 | Elf:3    | Reached skill level 15 in Maces & Flails
 43571 | Elf:3    | Got a warped short sword {pierce}
 43789 | Elf:3    | Got a dazzling scale mail
 43800 | Elf:3    | Identified the +3 scale mail "Ruheifey" {rPois MR+ Int+2} (You took it off a deep elf high priest on level 3 of the Elven Halls)
 43810 | Elf:3    | Identified the +7 short sword of War {pierce, MR++ Int+4} (You took it off a deep elf high priest on level 3 of the Elven Halls)
 43981 | Elf:3    | Got a brightly glowing flail {protect}
 44105 | Elf:3    | Identified the cursed +0 flail of the Pill Bug {protect, *Corrode rPois Dex+4} (You took it off a deep elf demonologist on level 3 of the Elven Halls)
 45134 | Elf:3    | Received a gift from Okawaru
 46389 | Depths:1 | Noticed Margery
 46432 | Depths:1 | Killed Margery
 46935 | Depths:1 | Found a gateway to Hell.
 47014 | Depths:1 | Found Ezefian's Eclectic Emporium.
 47070 | Depths:1 | Bought a scroll of enchant weapon for 105 gold pieces
 47262 | Depths:1 | Found a one-way gate leading to the halls of Pandemonium.
 47458 | Depths:1 | Noticed a lich
 47491 | Depths:1 | Killed a lich
 47495 | Depths:1 | Got a crystal battleaxe {freeze}
 47735 | Depths:1 | Reached XP level 20. HP: 117/133 MP: 32/32
 48073 | Depths:1 | Identified the +7 battleaxe of the Wasteland {freeze, +Rage} (You took it off a frost giant on level 1 of the Depths)
 48522 | Depths:1 | Received a gift from Okawaru
 48531 | Depths:1 | Got a pair of encrusted boots {god gift}
 48546 | Depths:1 | Identified the +4 pair of boots of the Scribe {rPois Int+3} (Okawaru gifted it to you on level 1 of the Depths)
 48854 | Depths:1 | Found Bununem's Gadget Shop.
 48854 | Depths:1 | Found Pafefekh's Jewellery Emporium.
 48856 | Depths:1 | Found Lyuxat's Jewellery Emporium.
 50292 | Depths:2 | Noticed a caustic shrike
 50293 | Depths:2 | Noticed a lich
 50312 | Depths:1 | Killed a caustic shrike
 50378 | Depths:2 | Killed a lich
 50526 | Depths:2 | Cast into level 3 of the Abyss (a lich)
 50865 | Abyss:3  | Received a gift from Okawaru
 51143 | Abyss:3  | Noticed a profane servitor
 51418 | Abyss:3  | Reached XP level 21. HP: 140/140 MP: 23/23
 51881 | Abyss:3  | Paralysed by accursed screaming for 1 turns
 51967 | Abyss:3  | Noticed a bone dragon
 51994 | Abyss:3  | Killed a bone dragon
 52462 | Abyss:3  | Received a gift from Okawaru
 52870 | Abyss:3  | Noticed a golden dragon
 53870 | Depths:2 | Escaped the Abyss
 54462 | Depths:2 | Found a one-way gate to the infinite horrors of the Abyss.
 54631 | Depths:2 | Received a gift from Okawaru
 54701 | Depths:2 | Reached XP level 22. HP: 148/148 MP: 34/34
 54820 | Depths:2 | Identified the Collected Works on Darkness
 54891 | Depths:2 | Found a portal to a secret trove of treasure.
 54957 | Depths:2 | Got a translucent ring mail
 54969 | Depths:2 | Identified the +1 ring mail of the Raven {rC- Regen+ Str+4 Dex+3} (You found it on level 2 of the Depths)
 56770 | Depths:1 | Received a gift from Okawaru
 56975 | Depths:3 | Noticed a juggernaut
 57002 | Depths:3 | Killed a juggernaut
 57485 | Depths:3 | Noticed a caustic shrike
 57516 | Depths:3 | Killed a caustic shrike
 57581 | Depths:3 | Received a gift from Okawaru
 57621 | Depths:3 | Got a translucent halberd {flame}
 58326 | Depths:3 | Noticed a golden dragon
 58342 | Depths:3 | Killed a golden dragon
 58665 | Depths:3 | Reached XP level 23. HP: 137/155 MP: 36/36
 58733 | Depths:3 | Noticed a juggernaut
 58749 | Depths:3 | Killed a juggernaut
 58851 | Depths:3 | Noticed a golden dragon
 58871 | Depths:3 | Killed a golden dragon
 60231 | Lair:1   | Identified the +9 halberd of Iconoclasm {flame, +Fly} (You took it off a tengu warrior on level 3 of the Depths)
 60768 | Depths:4 | Noticed Louise
 60793 | Depths:4 | Killed Louise
 60989 | Depths:4 | Received a gift from Okawaru
 61357 | Depths:4 | Found a gateway to a ziggurat.
 61907 | Depths:4 | Reached XP level 24. HP: 162/162 MP: 36/36
 61991 | Depths:4 | Paralysed by a sphinx for 6 turns
 62240 | Depths:4 | Noticed a juggernaut
 62269 | Depths:4 | Killed a juggernaut
 62316 | Depths:4 | Noticed a caustic shrike
 62320 | Depths:4 | Paralysed by a sphinx for 2 turns
 62363 | Depths:4 | Killed a caustic shrike
 62400 | Depths:4 | Received a gift from Okawaru
 62483 | Depths:4 | Noticed a juggernaut
 62521 | Depths:4 | Killed a juggernaut
 62752 | Depths:4 | Noticed a caustic shrike
 62766 | Depths:4 | Killed a caustic shrike
 62766 | Depths:4 | Received a gift from Okawaru
 62767 | Depths:4 | Got a dazzling helmet {god gift}
 62804 | Depths:4 | Identified the +0 helmet of Lappeo {rF- Str+2 Stlth+} (Okawaru gifted it to you on level 4 of the Depths)
 62833 | Depths:4 | Got a crystal fustibalus
 62885 | Depths:4 | Got a translucent scale mail
 62909 | Depths:4 | Identified the +5 fustibalus "Tiovariza" {venom, rPois} (You found it on level 4 of the Depths)
 62922 | Depths:4 | Identified the +4 scale mail of the Blessed Realm {Str-5 Dex+9} (You found it on level 4 of the Depths)
 64658 | Depths:5 | Entered Level 5 of the Depths
 64821 | Depths:5 | Reached skill level 1 in Spellcasting
 64844 | Depths:5 | Found Tecuel's Armour Shoppe.
 64911 | Depths:5 | Found Futhuroam's Gadget Emporium.
 65039 | Depths:5 | Found Istrav's Book Boutique.
 65623 | Depths:5 | Reached XP level 25. HP: 149/169 MP: 33/36
 65703 | Depths:5 | Found a runed door.
 65704 | Depths:5 | Found a runed door.
 65704 | Depths:5 | Found a runed door.
 66123 | Depths:5 | Found a runed door.
 66128 | Depths:5 | Found a runed door.
 66174 | Depths:5 | Found a runed door.
 66261 | Depths:5 | Found a gate to the Realm of Zot.
 66335 | Depths:5 | Received a gift from Okawaru
 66341 | Depths:5 | Reached skill level 5 in Spellcasting
 67409 | Depths:1 | Bought the ring of Irchututz {rF+ Str-2 Dex+4 SInv} for 630 gold pieces
 67643 | Orc:2    | Bought a faintly glowing rapier for 216 gold pieces
 67656 | Orc:2    | Bought a slimy battleaxe for 425 gold pieces
 68006 | Lair:1   | Identified the +6 rapier "Nokoillyd" {pierce, +Blink MR+ Dex+2 Stlth+} (You bought it in a shop on level 2 of the Orcish Mines)
 68007 | Lair:1   | Identified the +2 battleaxe "Fyets" {chop, rC- Str+5 Int+3} (You bought it in a shop on level 2 of the Orcish Mines)
 68317 | Trove    | Entered a treasure trove
 68338 | Trove    | Got a smoking amethyst amulet
 68342 | Trove    | Got a glittering wooden ring
 68348 | Trove    | Got a bound golden amulet
 68350 | Trove    | Got heavily runed gold dragon scales
 68356 | Trove    | Got a steaming trident
 68368 | Trove    | Got a pair of brightly glowing boots
 68642 | Lair:1   | Identified the +15 gold dragon scales of Duck's Teeth {+Inv rPois rF+ rC+ Int-5 SInv Stlth+} (You found it in a treasure trove)
 68652 | Lair:1   | Identified the +0 pair of boots of Amorality {rC+} (You found it in a treasure trove)
 68694 | Lair:1   | Identified the cursed +2 trident of Expedience {venom, rPois rF- SInv} (You found it in a treasure trove)
 68695 | Lair:1   | Identified the amulet "Ufakis" {*Corrode +Rage rPois MR+ Slay+5} (You found it in a treasure trove)
 68696 | Lair:1   | Identified a ring of Dawn {rF+ rN+} (You found it in a treasure trove)
 68698 | Lair:1   | Identified the amulet of Anequhok {Spirit *Corrode MR++} (You found it in a treasure trove)
 68884 | Spider:1 | Got a dazzling scale mail
 69556 | Spider:1 | Identified the +2 scale mail of Gasokewk {rF- MR+ Dex+4 SInv} (You found it on level 1 of the Spider Nest)
 70923 | Spider:3 | Got a jewelled whip
 70925 | Spider:3 | Identified the cursed +0 whip of the Curious Emperors {drain, Str+3} (You found it on level 3 of the Spider Nest)
 72307 | Spider:4 | Entered Level 4 of the Spider Nest
 73858 | Spider:4 | Reached XP level 26. HP: 172/177 MP: 36/37
 73943 | Spider:4 | Got a gossamer rune of Zot
 74690 | Vaults:1 | Entered Level 1 of the Vaults
 76544 | Vaults:2 | Reached skill level 10 in Spellcasting
 76581 | Vaults:2 | Noticed Jory
 76596 | Vaults:2 | Killed Jory
 76768 | Vaults:2 | Received a gift from Okawaru
 76779 | Vaults:2 | Got a steaming cloak {god gift}
 76807 | Vaults:2 | Identified the +0 cloak "Omesergh" {rC+ Regen+ Dex+7} (Okawaru gifted it to you on level 2 of the Vaults)
 77487 | Vaults:2 | Found a staircase to the Crypt.
 77637 | Vaults:2 | Found Afaxt's Antique Weapon Emporium.
 79065 | Vaults:3 | Reached XP level 27. HP: 184/184 MP: 38/38
 79216 | Vaults:3 | Got an encrusted mace
 79218 | Vaults:3 | Identified the +11 mace "Diriu" {protect, Str+2} (You found it on level 3 of the Vaults)
 79705 | Vaults:4 | Found Ompuyc's Food Boutique.
 80739 | Vaults:4 | Received a gift from Okawaru
 81572 | Depths:1 | Bought a scroll of enchant armour for 105 gold pieces
 81572 | Depths:1 | Bought a potion of experience for 700 gold pieces
 81882 | Vaults:2 | Bought a warped shortbow for 384 gold pieces
 81884 | Vaults:2 | Identified the +8 shortbow of Devotion {flame, rC- rN+ Int+2} (You bought it in a shop on level 2 of the Vaults)
 82269 | Orc:2    | Bought a glowing eveningstar for 432 gold pieces
 82357 | Orc:2    | Bought a royal jelly for 30 gold pieces
 82357 | Orc:2    | Bought 2 potions of berserk rage for 150 gold pieces
 82357 | Orc:2    | Bought 3 scrolls of magic mapping for 157 gold pieces
 82357 | Orc:2    | Bought 2 royal jellies for 60 gold pieces
 83230 | Elf:1    | Bought a scroll of remove curse for 48 gold pieces
 83502 | Shoals:1 | Entered Level 1 of the Shoals
 83913 | Shoals:1 | Noticed Roxanne
 83934 | Shoals:1 | Killed Roxanne
 83940 | Shoals:1 | Identified Roxanne's Grimoire of the Mountains (You took it off Roxanne on level 1 of the Shoals)
 84586 | Shoals:2 | Got a warped halberd
 85020 | Shoals:2 | Got a heavily runed wooden ring
 85405 | Shoals:3 | Received a gift from Okawaru
 85412 | Shoals:3 | Identified the +1 halberd of Esunwake {chop, -Tele MR+ Int+3 Stlth+} (You found it on level 2 of the Shoals)
 85413 | Shoals:3 | Identified the ring "Jaraf" {EV+4 Int+7} (You took it off a merfolk siren on level 2 of the Shoals)
 86091 | Shoals:4 | Entered Level 4 of the Shoals
 86350 | Shoals:4 | Noticed Ilsuiw
 86379 | Shoals:4 | Killed Ilsuiw
 86665 | Shoals:4 | Got a sheer robe
 86804 | Shoals:4 | Found Legetzai's General Store.
 86873 | Shoals:4 | Bought 8 curare-tipped needles for 48 gold pieces
 86873 | Shoals:4 | Bought a scroll of summoning for 95 gold pieces
 86873 | Shoals:4 | Bought a scroll of blinking for 75 gold pieces
 87307 | Lair:1   | Identified the +1 robe of the Burgomaster {rC+} (You found it on level 4 of the Shoals)
 87645 | Shoals:4 | Got a barnacled rune of Zot
 87803 | Shoals:4 | Identified Sif Muna's Papyrus of Creation
 88439 | Crypt:1  | Entered Level 1 of the Crypt
 89648 | Crypt:1  | Identified the Handbook of Evil Magic
 89846 | Crypt:2  | Noticed Mennas
 89889 | Crypt:2  | Killed Mennas
 90493 | Crypt:3  | Entered Level 3 of the Crypt
 90511 | Crypt:3  | Received a gift from Okawaru
 90620 | Crypt:3  | Reached skill level 15 in Spellcasting
 90626 | Crypt:3  | Got an iridescent broad axe {god gift}
 90649 | Crypt:3  | Identified the +5 broad axe of Ointment {freeze, rF+} (Okawaru gifted it to you on level 3 of the Crypt)
 90832 | Crypt:3  | Noticed an ancient lich
 90840 | Crypt:3  | Killed an ancient lich
 90936 | Crypt:3  | Got a brightly glowing glaive {venom}
 91030 | Crypt:3  | Identified the +5 glaive of the Equinox {venom, Str-3 Int+6 Dex+2} (You took it off a vampire knight on level 3 of the Crypt)
 91736 | Crypt:3  | Noticed an ancient lich
 91752 | Crypt:3  | Killed an ancient lich
 91888 | Crypt:3  | Received a gift from Okawaru
 92060 | Crypt:3  | Found an ancient bone altar of Kikubaaqudgha.
 92063 | Crypt:3  | Found a basalt altar of Yredelemnul.
 92117 | Crypt:3  | Noticed an ancient lich
 92148 | Crypt:3  | Killed an ancient lich
 92422 | Crypt:3  | Found a staircase to the Tomb.
 92502 | Crypt:3  | Got a crude leather armour
 92515 | Crypt:3  | Identified the cursed +0 leather armour of Bedevilment {-Tele rElec rC++ Int+4} (You took it off a skeletal warrior on level 3 of the Crypt)
 92877 | Crypt:3  | Got a scintillating platinum ring
 92877 | Crypt:3  | Got a clouded pewter ring
 92877 | Crypt:3  | Got a brightly glowing jade ring
 92888 | Crypt:3  | Got a faintly glowing broad axe
 92897 | Crypt:3  | Got a smoking ring mail
 92906 | Crypt:3  | Identified the +4 broad axe "Guheid Akaur" {holy, Int+3 Dex+2} (You found it on level 3 of the Crypt)
 92918 | Crypt:3  | Identified the +5 ring mail "Nexan" {rPois Dex+2} (You found it on level 3 of the Crypt)
 93242 | Lair:1   | Identified a ring "Ruonoj" {rElec rPois rN+ MP-9 Dex+2} (You found it on level 3 of the Crypt)
 93243 | Lair:1   | Identified a ring of Fisor {*Corrode +Fly rN+ Str+7 Int+4} (You found it on level 3 of the Crypt)
 93244 | Lair:1   | Identified a ring of Rotewasu {rElec rC- rN+ Str+3 Dex+6} (You found it on level 3 of the Crypt)
 93606 | Crypt:3  | Found a basalt altar of Yredelemnul.
 93609 | Crypt:3  | Found an ancient bone altar of Kikubaaqudgha.
 93697 | Crypt:3  | Found a staircase to the Tomb.
 94114 | Tomb:1   | Entered Level 1 of the Tomb of the Ancients
 94498 | Vaults:4 | Found Ompuyc's Food Boutique.
 95158 | Vaults:5 | Entered Level 5 of the Vaults
 96114 | Vaults:5 | Got a heavily runed jade ring
 96272 | Vaults:5 | Received a gift from Okawaru
 96316 | Vaults:5 | Noticed Bai Suzhen
 96341 | Vaults:5 | Killed Bai Suzhen
 96448 | Vaults:5 | Received a gift from Okawaru
 96471 | Vaults:5 | Got a black opal-studded scale mail {god gift}
 96522 | Vaults:5 | Identified the ring "Qohyggom" {Fire rPois Slay+3} (You took it off a vault guard on level 5 of the Vaults)
 96771 | Vaults:5 | Identified the Handbook of Boosts
 97063 | Lair:1   | Identified the +8 scale mail of the Ego {rPois rC- rN+++ Int-3} (Okawaru gifted it to you on level 5 of the Vaults)
 97870 | Vaults:5 | Got a silver rune of Zot
 98080 | Vaults:5 | Got a pitted falchion
 98135 | Vaults:5 | Identified the cursed +2 falchion of the Eternal Void {drain, rElec rC+ Dex+7} (You found it on level 5 of the Vaults)
 98804 | Hell     | Entered the Vestibule of Hell
 98804 | Hell     | Noticed Geryon
 98874 | Hell     | Killed Geryon
 99007 | Hell     | Found a gateway to the decaying netherworld of Tartarus.
 99325 | Hell     | Found a gateway to the ashen valley of Gehenna.
 99463 | Hell     | Found a gateway to the Iron City of Dis.
 99502 | Hell     | Found a gateway to the freezing wastes of Cocytus.
100037 | Zot:1    | Entered Level 1 of the Realm of Zot
100146 | Zot:1    | Received a gift from Okawaru
100169 | Zot:1    | Got an encrusted hat {god gift}
100182 | Zot:1    | Identified the +0 hat of the Wumpus {rF+} (Okawaru gifted it to you on level 1 of the Realm of Zot)
100426 | Zot:1    | Got an ancient scarf
100442 | Zot:1    | Identified the scarf of Starshine {+Inv rC++ Int+3 Stlth+} (You found it on level 1 of the Realm of Zot)
101200 | Zot:1    | Got a faintly glowing scale mail
101212 | Zot:1    | Identified the +4 scale mail of Life {rC+++ rCorr Int-5 Stlth-} (You found it on level 1 of the Realm of Zot)
102684 | Zot:3    | Received a gift from Okawaru
102687 | Zot:3    | Got a crystal morningstar {god gift}
102721 | Zot:3    | Identified the +4 morningstar "Myl Turgh" {flame, rPois Int+3} (Okawaru gifted it to you on level 3 of the Realm of Zot)
102896 | Zot:3    | Noticed an orb of fire
102916 | Zot:3    | Gained mutation: You are weak. (Str -2) [an orb of fire]
102918 | Zot:3    | Killed an orb of fire
103608 | Zot:3    | Received a gift from Okawaru
103611 | Zot:3    | Got a fine hat {god gift}
104031 | Zot:3    | Identified the +2 hat of the Equator {Dex+3} (Okawaru gifted it to you on level 3 of the Realm of Zot)
105519 | Zot:4    | Received a gift from Okawaru
107129 | Zot:5    | Entered Level 5 of the Realm of Zot
107220 | Zot:5    | Got a dull robe
107236 | Zot:5    | Identified the +1 robe "Nejowom" {rC+ rCorr Dex+7} (You found it on level 5 of the Realm of Zot)
107993 | Zot:5    | Noticed an ancient lich
108008 | Zot:5    | Killed an ancient lich
108008 | Zot:5    | Received a gift from Okawaru
108051 | Zot:5    | Noticed an ancient lich
108084 | Zot:5    | Killed an ancient lich
108122 | Zot:5    | Noticed an ancient lich
108141 | Zot:5    | Killed an ancient lich
108141 | Zot:5    | Received a gift from Okawaru
108299 | Zot:5    | Noticed an orb of fire
108300 | Zot:5    | Gained mutation: Your natural rate of healing is unusually fast. [an orb of fire]
108320 | Zot:5    | Gained mutation: You expend magic power (3 MP) to strengthen your wands. [an orb of fire]
108326 | Zot:5    | Gained mutation: You are clumsy. (Dex -2) [an orb of fire]
108336 | Zot:5    | Killed an orb of fire
108374 | Zot:5    | Noticed an orb of fire
108387 | Zot:5    | Killed an orb of fire
108406 | Zot:5    | Noticed an orb of fire
108422 | Zot:5    | Noticed an orb of fire
108429 | Zot:5    | Gained mutation: Armour fits poorly on your strangely shaped body. [an orb of fire]
108433 | Zot:5    | Gained mutation: You occasionally shout uncontrollably at your foes. [an orb of fire]
108443 | Zot:5    | Killed an orb of fire
108458 | Zot:5    | Killed an orb of fire
108497 | Zot:5    | Noticed an orb of fire
108497 | Zot:5    | Gained mutation: You are partially covered in iridescent scales. (AC +2) [an orb of fire]
108500 | Zot:5    | Gained mutation: You tend to lose your temper in combat. [an orb of fire]
108501 | Zot:5    | Gained mutation: Your spells are a little easier to cast, but a little less powerful. [an orb of fire]
108517 | Zot:5    | Killed an orb of fire
108518 | Zot:5    | Noticed an ancient lich
108546 | Zot:5    | Killed an ancient lich
108705 | Zot:5    | Noticed an orb of fire
108707 | Zot:5    | Gained mutation: Your magical capacity is low. (-10% MP) [an orb of fire]
108725 | Zot:5    | Killed an orb of fire
108725 | Zot:5    | Received a gift from Okawaru
108728 | Zot:5    | Got a polished hunting sling {god gift}
108826 | Zot:5    | Noticed an orb of fire
108842 | Zot:5    | Gained mutation: Your magical capacity is very low. (-20% MP) [an orb of fire]
108848 | Zot:5    | Killed an orb of fire
108899 | Zot:5    | Received a gift from Okawaru
108951 | Zot:5    | Got the Orb of Zot
109015 | Zot:5    | Noticed Pimiecw the pandemonium lord
109383 | Depths:3 | Noticed Xatidasasocw the pandemonium lord
109383 | Depths:3 | Noticed an ancient lich
109396 | Depths:3 | Killed an ancient lich
109410 | Depths:3 | Killed Xatidasasocw the pandemonium lord
109544 | D:14     | Noticed Humie the pandemonium lord
109579 | D:12     | Noticed Agacing the pandemonium lord
109686 | D:7      | Noticed Tyvus the pandemonium lord
109804 | D:6      | Noticed Sostreoz the pandemonium lord
109832 | D:6      | Killed Sostreoz the pandemonium lord
109859 | D:6      | Noticed an ancient lich
109865 | D:6      | Noticed Joubuafuas the pandemonium lord
109887 | D:6      | Killed an ancient lich
109903 | D:6      | Killed Joubuafuas the pandemonium lord
110105 | D:$      | Escaped with the Orb!

Skill      XL: |  1  2  3  4  5  6  7  8  9 10 11 12 13 14 15 16 17 18 19 20 21 22 23 24 25 26 27 |
---------------+----------------------------------------------------------------------------------+-----
Fighting       | 4 5 6 7 8 10 11 12 13 14 15 16 17 18 19 20 21 26 | 26.9
Armour         | 4 5 6 7 9 10 11 12 13 14 15 16 17 18 19 20 21 26 | 26.9
Maces & Flails | 3 4 5 6 7 9 10 11 12 13 14 15 16 17 18 19 20 24 | 24.9
Shields        | 4 5 6 7 9 10 11 12 13 14 15 16 17 18 19 20 24 | 24.0
Invocations    | 3 5 6 8 9 11 12 13 14 15 16 17 18 19 20 | 20.6
Spellcasting   | 4 8 11 17 | 17.8

Action                   |  1- 3 |  4- 6 |  7- 9 | 10-12 | 13-15 | 16-18 | 19-21 | 22-24 | 25-27 || total
-------------------------+-------+-------+-------+-------+-------+-------+-------+-------+-------++-------
Melee: Flail             |   129 |   222 |   650 |   269 |       |       |       |       |       ||  1270
       Hand axe          |       |    23 |       |       |       |       |       |       |       ||    23
       Morningstar       |       |       |       |   914 |   498 |       |       |       |       ||  1412
       Demon whip        |       |       |       |       |  1353 |  1929 |  2282 |  2193 |  8472 || 16229
 Fire: Blowgun           |       |       |       |       |     8 |       |       |       |       ||     8
Throw: Tomahawk          |       |     7 |    62 |    74 |    23 |     7 |     5 |     1 |       ||   179
Invok: Heroism           |       |       |       |     3 |     7 |     2 |     6 |    14 |    19 ||    51
       Finesse           |       |       |       |     2 |     4 |     3 |     8 |    12 |    18 ||    47
 Abil: Fly               |       |       |       |       |       |     1 |     1 |     2 |     6 ||    10
       Stop Flying       |       |       |       |       |       |       |     2 |     2 |     5 ||     9
Evoke: Wand              |       |       |     9 |    30 |    35 |    10 |    13 |     4 |    21 ||   122
       Lamp of fire      |       |       |       |       |     1 |       |       |       |       ||     1
       Box of beasts     |       |       |       |       |       |       |       |     5 |       ||     5
       Lightning rod     |       |       |       |       |       |       |       |     4 |     8 ||    12
  Use: Scroll            |       |       |     8 |     8 |    19 |    17 |    14 |     9 |    45 ||   120
       Potion            |       |       |     3 |     6 |     3 |     6 |    10 |     2 |     6 ||    36
 Stab: Confused          |       |       |     1 |     2 |     1 |       |     3 |       |     2 ||     9
       Paralysed         |       |       |     3 |       |       |     3 |       |       |       ||     6
       Petrified         |       |       |       |       |     3 |       |       |       |       ||     3
       Distracted        |       |       |       |       |       |       |       |       |     1 ||     1
  Eat: Chunk             |     1 |     4 |    12 |    20 |    40 |    43 |    38 |    20 |    54 ||   232
       Meat ration       |       |     1 |     2 |     2 |       |       |       |       |     8 ||    13
       Bread ration      |       |       |     1 |     3 |       |       |       |     2 |    10 ||    16
       Fruit             |       |       |       |     2 |       |       |       |       |     1 ||     3
       Royal jelly       |       |       |       |       |       |     1 |       |       |     6 ||     7
Armor: Scale mail        |    71 |   142 |    63 |       |       |       |       |       |       ||   276
       Plate armour      |       |       |   215 |   596 |   257 |   528 |   528 |   351 |    35 ||  2510
       Chain mail        |       |       |       |       |   183 |       |       |       |       ||   183
       Gold dragon scale |       |       |       |       |       |       |       |       |  2167 ||  2167
Dodge: Dodged            |    33 |    71 |   128 |   282 |   287 |   204 |   156 |   128 |   619 ||  1908
       Deflected         |       |       |       |       |     5 |       |       |       |       ||     5
Block: Shield            |    63 |   144 |       |       |       |       |       |       |       ||   207
       Large shield      |       |       |   616 |  1346 |  1653 |  1653 |  1835 |  1512 |  8140 || 16755
       Reflection        |       |       |       |       |       |       |       |   106 |   311 ||   417
